 Dungeon Crawl Stone Soup version 0.23-a0-436-g57debff (webtiles) character file.

235 Azzok the Firebug (level 5, -7/35 HPs)
             Began as a Demonspawn Fire Elementalist on Nov 16, 2018.
             Mangled by an orc
             ... wielding a +0 mace
              (8 damage)
             ... on level 3 of the Dungeon.
             The game lasted 00:06:19 (4193 turns).

Azzok the Firebug (Demonspawn Fire Elementalist)    Turns: 4193, Time: 00:06:19

Health: -7/35      AC:  3    Str:  9    XL:     5   Next: 76%
Magic:  2/17       EV: 12    Int: 20    God:
Gold:   248        SH:  0    Dex: 13    Spells: 1/9 levels left

rFire    . . .     SeeInvis .   (no weapon)
rCold    . . .     Gourm    .   (no shield)
rNeg     . . .     Faith    .   a - +0 robe
rPois    .         Spirit   .   (no helmet)
rElec    .         Reflect  .   (no cloak)
rCorr    .         Harm     .   b - +0 pair of gloves
MR       .....                  (no boots)
Stlth    ++........             (no amulet)
HPRegen  0.11/turn              i - +3 ring of intelligence
MPRegen  0.15/turn              q - ring of magical power

@: very slightly contaminated
A: claws 1, sturdy frame 2
a: no special abilities


You were on level 3 of the Dungeon.
You were hungry.

You visited 1 branch of the dungeon, and saw 4 of its levels.

You collected 248 gold pieces.

Inventory:

Armour
 a - a +0 robe (worn)
 b - a +0 pair of gloves (worn)
Jewellery
 i - a +3 ring of intelligence (left hand)
 q - a ring of magical power (right hand)
Scrolls
 g - 3 scrolls of identify {unknown}
 h - a scroll of fog {unknown}
 k - a scroll of immolation {unknown}
 l - a scroll of fear {unknown}
 o - a scroll of teleportation {unknown}
 p - a scroll of noise {unknown}
Potions
 d - 2 potions of brilliance {unknown}
 e - a potion of agility {unknown}
 f - 2 potions of curing {unknown}
 m - a potion of mutation {unknown}
 n - a potion of resistance {unknown}
Comestibles
 c - 8 rations


   Skills:
 - Level 1.7 Dodging
 - Level 1.7 Stealth
 + Level 2.5 Spellcasting
 + Level 3.8 Conjurations
 + Level 4.4 Fire Magic


You had one spell level left.
You knew the following spells:

 Your Spells              Type           Power        Failure   Level  Hunger
a - Flame Tongue          Conj/Fire      ###..        2%          1    None
b - Conjure Flame         Conj/Fire      ###.....     9%          3    ###....
c - Sticky Flame          Conj/Fire      ###.....     26%         4    ####...

Your spell library contained the following spells:

 Spells                   Type           Power        Failure   Level  Hunger
 Throw Flame              Conj/Fire      ###...       4%          2    ##.....
 Inner Flame              Hex/Fire       ##......     19%         3    ###....
 Fireball                 Conj/Fire      ###.......   58%         5    ######.


Dungeon Overview and Level Annotations

Branches:
Dungeon (4/15)
 Temple: D:4-7

Altars:
Gozag
Qazlal
Sif Muna


Innate Abilities, Weirdness & Mutations

You have sharp fingernails.
Your movements are less encumbered by armour. (ER -4)


Message History

* * * LOW HITPOINT WARNING * * *
Casting: Flame Tongue (safe; 2% risk of failure)
Confirm with . or Enter, or press ? or * to list all spells.
Aiming: Flame Tongue (safe; 2% risk of failure)
Press: ? - help, Shift-Dir - straight line, f/p - orc
Aim: an orc, wielding a +0 dagger and wearing a +0 scale mail (almost dead)
The flame tongue hits the orc.
The orc appears unharmed.
The orc is almost dead.
* * * LOW MAGIC WARNING * * *
The orc barely misses you. x2; Something hits you.
* * * LOW HITPOINT WARNING * * *
Casting: Flame Tongue (safe; 2% risk of failure)
Confirm with . or Enter, or press ? or * to list all spells.
Aiming: Flame Tongue (safe; 2% risk of failure)
Press: ? - help, Shift-Dir - straight line, f/p - orc
Aim: an orc, wielding a +0 dagger and wearing a +0 scale mail (almost dead)
The flame tongue misses the orc.
* * * LOW MAGIC WARNING * * *
The orc barely misses you. The orc hits you with a +0 mace!
You die...

····▒▒·▒▒·▒·▒ ▒·▒·▒▒·▒······▒▒·▒
····▒▒·▒▒·▒·▒ ▒·▒·▒▒·▒······▒▒·▒
····▒▒····▒·▒ ▒·▒··▒·'······'··▒
····▒▒····▒·▒ ▒▒·▒▒·▒▒▒··<···▒▒·▒
····▒▒····▒·▒ ▒··▒▒··▒▒······▒▒·▒
····▒▒·▒▒·▒·▒▒▒··▒▒··▒▒▒▒··▒▒▒▒▒▒
····▒▒·▒▒·▒·▒▒········▒▒▒··▒
····▒▒·▒····▒··{oo······▒··▒
····▒▒·▒········@·······▒··▒▒▒▒▒▒
····▒▒·▒··▒▒▒▒········▒··········
▒▒▒▒▒▒·▒··▒▒▒▒········▒·▒··▒▒▒▒▒▒
▒ ▒·▒················▒··▒ ▒▒▒
▒▒▒▒▒▒·▒···········))(··▒··▒▒▒▒··
·············▒········▒······▒▒··
·············▒▒··▒▒··▒▒▒·(···▒▒··
·····························▒▒▒▒
·········(▒▒▒▒▒·(·▒▒·▒▒▒·····▒


You could see 2 orcs.

Vanquished Creatures
  A big kobold (D:2)
  An orc priest (D:3)
  4 adders
  4 worms
  3 dart slugs
  4 leopard geckos
  4 orcs
  A ball python (D:3)
  4 giant cockroaches
  5 hobgoblins
  5 jackals (D:1)
  2 quokkas
  5 bats
  6 frilled lizards
  10 goblins
  10 kobolds
  9 rats
78 creatures vanquished.

Notes
Turn   | Place    | Note
-------+----------+-------------------------------------------
     0 | D:1      | Azzok the Demonspawn Fire Elementalist began the quest for
                  | the Orb.
     0 | D:1      | Reached XP level 1. HP: 13/13 MP: 3/3
   397 | D:1      | Reached skill level 3 in Fire Magic
   400 | D:1      | Gained mutation: Your movements are slightly less
                  | encumbered by armour. (ER -2) [demonic ancestry]
   400 | D:1      | Reached XP level 2. HP: 19/19 MP: 0/5
  1051 | D:1      | Reached XP level 3. HP: 16/24 MP: 1/6
  1415 | D:2      | Found a stormy altar of Qazlal.
  1752 | D:2      | Found a deep blue altar of Sif Muna.
  2354 | D:2      | Gained mutation: You have sharp fingernails. [demonic
                  | ancestry]
  2354 | D:2      | Reached XP level 4. HP: 22/30 MP: 1/7
  2693 | D:2      | Found an opulent altar of Gozag.
  3064 | D:3      | Reached skill level 4 in Fire Magic
  3104 | D:3      | Learned a level 3 spell: Conjure Flame
  3302 | D:3      | Gained mutation: Your movements are less encumbered by
                  | armour. (ER -4) [demonic ancestry]
  3302 | D:3      | Reached XP level 5. HP: 32/35 MP: 4/8
  3505 | D:3      | Found a faded altar of an unknown god.
  4150 | D:3      | Learned a level 4 spell: Sticky Flame
  4192 | D:3      | HP: 1/35 [something (2)]
  4193 | D:3      | Mangled by an orc

Vault maps used:
D:1:      dpeg_arrival_connections, minmay_misc_feat_pillars, st_stairs_1,
          minmay_tripent
D:2:      nicolae_overflow_crystal_walls,
          nicolae_gozag_cash_rules_everything_around_me, grunt_qazlal_clouds
D:3:      chequers_ecumenical_altar_twisty, st_stairs_5
D:4:      lemuel_round_altar, serial_shops, shop

Skill      XL: |  1  2  3  4 |
---------------+-------------+-----
Fire Magic     | 3 4 |  4.4
Conjurations   | 2 3 |  3.8
Dodging        | |  1.7
Stealth        | |  1.7
Spellcasting   | |  2.5

Action                   |  1- 3 |  4- 6 || total
-------------------------+-------+-------++-------
Melee: Unarmed           |    28 |    47 ||    75
 Cast: Flame Tongue      |    83 |    82 ||   165
 Stab: Distracted        |       |     1 ||     1
  Eat: Chunk             |     5 |     6 ||    11
Armor: Robe              |    27 |    11 ||    38
Dodge: Dodged            |    52 |    71 ||   123

Table legend:
 A = Non-vault XP
 B = Vault XP
 C = Vault XP percentage of total XP
 D = Non-vault monster count
 E = Vault monster count
 F = Vault count percentage of total count
                 A         B        C        D         E       F
            +---------+---------+-------+---------+---------+-------
      Total |     325 |      11 |   3.3 |      72 |       6 |   7.7
            +---------+---------+-------+---------+---------+-------
        D:1 |      39 |       7 |  15.2 |      22 |       4 |  15.4
        D:2 |     163 |       0 |   0.0 |      25 |       0 |   0.0
        D:3 |     116 |       4 |   3.3 |      23 |       2 |   8.0
        D:4 |       7 |       0 |   0.0 |       2 |       0 |   0.0
            +---------+---------+-------+---------+---------+-------
